AoeStats
← 大明湖畔

Arena

510466222Analyzed
1v1 RM · 2d ago on Oct 1, 2026· 44m 16s· 2 players
Game mode
Random Map
Map size
Tiny (2 player)
Population
200
Speed
Normal
Resources
Standard
Victory
Conquest
Starting age
Dark Age
Ending age
Imperial Age
RankedLock teamsTeams togetherTeam positionsShared explorationLock speedFull tech treeHidden civsTurbo modeCheats
Victory
Defeat
🇦🇺 Malay · Australia
1188
+14
🇦🇺 Huns · Australia
1144
-14
FNBIGNUTZ
12:37 Feudal Age
13:01 Double-Bit Axe
13:00 Horse Collar
14:56 Loom
18:55 Castle Age
18:16 Wheelbarrow
19:44 Arson
20:11 Forging
20:31 Squires
21:00 Bow Saw
28:19 Imperial Age
26:49 Stone Mining
30:12 Conscription
31:17 Iron Casting
32:15 Elite Karambit Warrior
34:06 Heavy Plow
36:52 Blast Furnace
大明湖畔
10:27 Feudal Age
13:57 Castle Age
12:09 Double-Bit Axe
12:30 Horse Collar
14:36 Wheelbarrow
15:09 Bow Saw
19:45 Heavy Plow
22:35 Loom
26:25 Fletching
26:35 Padded Archer Armor
28:08 Masonry
29:07 Gold Mining
29:46 Scale Barding Armor
30:06 Forging
30:47 Bloodlines
30:37 Bodkin Arrow
30:44 Padded Archer Armor
31:48 Ballistics
31:45 Thumb Ring
36:08 Imperial Age
33:01 Light Cavalry
35:19 Chain Barding Armor
36:29 Stone Mining
36:11 Hussar
37:35 Parthian Tactics
38:00 Forging
38:09 Husbandry
41:29 Chemistry
Connection lost

Rejoining the realm…

Still unreachable

The connection could not be restored.

Session expired

The server has moved on; the page needs a fresh start.